 Dungeon Crawl Stone Soup version 0.30-a0-374-g95c0257040 (webtiles) character file.

Game seed: 15585197175825953874

36 purpskrrrp the Slasher (level 3, -5/30 HPs)
             Began as a Merfolk Monk on Nov 26, 2022.
             Slain by a worm (11 damage)
             ... on level 2 of the Dungeon.
             The game lasted 00:01:50 (909 turns).

purpskrrrp the Slasher (Merfolk Monk)                Turns: 909, Time: 00:01:50

Health: -5/30      AC:  2    Str: 11    XL:     3   Next: 37%
Magic:  3/3        EV: 14    Int:  9    God:
Gold:   79         SH:  0    Dex: 18    Spells: 2/2 levels left

rFire   . . .      SeeInvis .    a - +0 falchion
rCold   . . .      Faith    .    (no shield)
rNeg    . . .      Spirit   .    b - +0 robe
rPois   .          Reflect  .    (no helmet)
rElec   .          Harm     .    (no cloak)
rCorr   .          Rampage  .    (no gloves)
Will    .....                    (no boots)
Stlth   ++........               (no amulet)
HPRegen 0.25/turn                (no ring)
MPRegen 0.08/turn                (no ring)

@: no status effects
A: (nimble swimmer 2), mertail
a: no special abilities


You were on level 2 of the Dungeon.
You visited 1 branch of the dungeon, and saw 2 of its levels.

You collected 79 gold pieces.

Inventory:

Hand Weapons
 a - a +0 falchion (weapon)
Armour
 b - a +0 robe (worn)
Potions
 f - a potion of flight


   Skills:
 + Level 3.6 Fighting
 * Level 4.5 Long Blades
 + Level 4.5 Dodging
 - Level 2.1 Stealth


You had 2 spell levels left.
You didn't know any spells.
Your spell library contained the following spells:

 Spells                   Type           Power      Damage    Failure   Level
 Beastly Appendage        Tmut           0%         N/A       38%         1
 Wereblood                Tmut           0%         N/A       52%         2
 Spider Form              Tmut/Pois      0%         N/A       77%         3


Dungeon Overview and Level Annotations

Branches:
Dungeon (2/15)

Altars:

Shops:
D:1 [


Innate Abilities, Weirdness & Mutations

((You are very nimble when in or above water. (Stealth+, EV+, Speed+++)))
Your lower body shifts to a powerful aquatic tail in water.


Message History

The worm is moderately wounded.
You hit the worm.
The worm is moderately wounded.
You barely miss the worm.
The worm is heavily wounded.
You bump into the rock wall.
The worm bites you. The worm completely misses you.
You hit the worm.
The worm is moderately wounded.
The worm bites you.
You bump into the rock wall.
You feel less invigorated.
You feel less confused. The worm barely misses you.
The worm closely misses you.
You barely miss the worm.
The worm is moderately wounded.
You slash the worm!
The worm is severely wounded.
The worm bites you! The worm misses you.
You hit the worm but do no damage.
The worm is severely wounded.
The worm misses you. The worm bites you.
You barely miss the worm.
The worm is heavily wounded.
You hit the worm but do no damage.
The worm is heavily wounded.
The worm barely misses you. The worm bites you.
You slash the worm!
You kill the worm!
The worm bites you!
* * * LOW HITPOINT WARNING * * *
You see here a worm corpse.
The worm barely misses you.
You barely miss the worm.
The worm is lightly wounded.
The worm barely misses you.
It was a potion of magic.
Magic courses through your body.
You hit the worm but do no damage.
The worm is lightly wounded.
The worm bites you!
You die...

##### #...#
###.#.###
#...#...#####.#
###.#####†w.....#
#....†#..@#.....#
#.###.#.###.###....
#. #...# #.# ##. #
##### #.# #(# ...
...


You could see a worm.

Vanquished Creatures
  A gnoll (D:1)
  A worm (D:2)
  A ball python (D:1)
  3 endoplasms (D:1)
  3 giant cockroaches (D:1)
  A hobgoblin (D:1)
  A quokka (D:2)
  5 bats (D:1)
  3 frilled lizards (D:1)
  2 kobolds (D:1)
  2 rats (D:1)
23 creatures vanquished.

Notes
Turn   | Place    | Note
-------+----------+-------------------------------------------
     0 | D:1      | purpskrrrp the Merfolk Monk began the quest for the Orb.
     0 | D:1      | Reached XP level 1. HP: 18/18 MP: 1/1
    81 | D:1      | Found Xaoroude's Antique Armour Shoppe.
   114 | D:1      | Reached XP level 2. HP: 20/24 MP: 2/2
   339 | D:1      | Reached XP level 3. HP: 25/29 MP: 3/3
   909 | D:2      | Slain by a worm

Illustrated notes

Levels and vault maps discovered:
D:1:      scummos_arrival_checkerplants, layout_basic, serial_shops,
          nicolae_shop_overgrown_old_shop
D:2:      layout_loops_cross

Skill      XL: |  1 |
---------------+----+-----
Long Blades    | 4 |  4.5
Fighting       | |  3.6
Dodging        | |  4.5
Stealth        | |  2.1

Action                   || total
-------------------------++-------
Melee: Falchion          ||    66
  Use: Scroll            ||     3
       Potion            ||     2
 Stab: Sleeping          ||     5
Armor: Robe              ||     3
Dodge: Dodged            ||    47

Table legend: (Time is in decaauts)
 A = Elapsed time spent in this place.
 B = Non-inter-level travel time spent in this place.
 C = Inter-level travel time spent in this place.
 D = Time resting spent in this place.
 E = Time spent auto-exploring this place.
 F = Levels seen in this place.
 G = Mean time per level.
                   A        B        C        D        E       F      G
               +--------+--------+--------+--------+--------+-----+--------+
         Total |    914 |    911 |      3 |    100 |    626 |   2 |  457.0 |
       Dungeon |    914 |    911 |      3 |    100 |    626 |   2 |  457.0 |
               +--------+--------+--------+--------+--------+-----+--------+

Top non-repeatable levels by time:
     D:1: 869 daAuts
     D:2: 45 daAuts
